 Dungeon Crawl Stone Soup version 0.19-a0-1127-gac58878 (console) character file.

172 namelastname112 the Caller (level 5, 0/45 HPs)
             Began as a Draconian Wanderer on Aug 12, 2016.
             Shot with an arrow by a centaur (3 damage)
             ... on level 5 of the Dungeon.
             The game lasted 00:15:37 (2987 turns).

namelastname112 the Caller (Draconian Wanderer)     Turns: 2987, Time: 00:15:37

Health: 0/45       AC:  9    Str: 20    XL:     5   Next: 27%
Magic:  1/9        EV: 12    Int: 14    God:
Gold:   81         SH:  0    Dex: 10    Spells: 2 memorised, 4 levels left

rFire  . . .     SeeInvis .     z - -1 trident (curse)
rCold  . . .     Gourm    .     (armour unavailable)
rNeg   . . .     Faith    .     (no shield)
rPois  .         Spirit   .     (helmet restricted)
rElec  .         Dismiss  .     e - +1 cloak (curse)
rCorr  .         Reflect  .     m - +1 pair of gloves
SustAt .         Harm     .     (no boots)
MR     .....     Rnd*Tele +     (no amulet)
Stlth  +.........               y - +6 ring of strength
                                i - ring of teleportation (curse)

@:
A: unfitting armour, cold-blooded, AC +5
a: no special abilities


You were on level 5 of the Dungeon.
You were not hungry.

You visited 1 branch of the dungeon, and saw 5 of its levels.

You collected 213 gold pieces.
You spent 132 gold pieces at shops.

Inventory:

Hand Weapons
 h - a +0 dagger
 z - a cursed -1 trident (weapon)
Armour
 e - a cursed +1 cloak (worn)
 m - a +1 pair of gloves (worn)
Jewellery
 i - a cursed ring of teleportation (left hand)
 y - a +6 ring of strength (right hand)
Wands
 k - a wand of flame (47/48)
 l - a wand of iceblast (7/15)
Scrolls
 c - a scroll of teleportation
 d - 2 scrolls of fear
Potions
 g - a potion of flight {unknown}
 j - a potion of magic {unknown}
 n - 2 potions of degeneration {unknown}
 o - 2 potions of agility
 u - a potion of mutation {unknown}
 w - 2 potions of cancellation
 x - a potion of brilliance
Books
 a - a book of Callings

   Spells                             Type                      Level
   a - Summon Small Mammal            Summoning                    1
   b - Call Imp                       Summoning                    2
   c - Call Canine Familiar           Summoning                    3
   d - Summon Guardian Golem          Hexes/Summoning              3
   e - Summon Lightning Spire         Summoning/Air                4
   f - Summon Ice Beast               Ice/Summoning                4
 b - Fotefeoc's Collected Works on the Frostbite

   Spells                             Type                      Level
   a - Throw Frost                    Conjuration/Ice              2
   b - Ensorcelled Hibernation        Hexes/Ice                    2
Comestibles
 f - 2 bread rations
 s - 6 fruits


   Skills:
 + Level 3.2 Fighting
   Level 1.7 Bows
 + Level 2.4 Dodging
 - Level 1.0 Stealth
 + Level 2.7 Spellcasting
 - Level 4.0 Summonings
 - Level 1.0 Evocations


You had 4 spell levels left.
You knew the following spells:

 Your Spells              Type           Power        Failure   Level  Hunger
c - Call Canine Familiar  Summ           ##......     14%         3    ###....
z - Call Imp              Summ           ##......     10%         2    ###....


Dungeon Overview and Level Annotations

Branches:
Dungeon (5/15)
 Temple: D:4-7

Altars:
Dithmenos
Kikubaaqudgha
Ru

Shops:
D:4 }


Innate Abilities, Weirdness & Mutations

Your plain brown scales are hard. (AC +5)
Your body does not fit into most forms of armour.
You are cold-blooded and may be slowed by cold attacks.


Message History

Your hound bites the centaur.
The centaur hits you.
* * * LOW HITPOINT WARNING * * *
Your crimson imp blinks!
The jackal barely misses your hound.
Your crimson imp barely misses the centaur.
The jackal bites your hound but does no damage.
Your hound bites the centaur.
The centaur hits you!
* * * LOW HITPOINT WARNING * * *
Your crimson imp hits the centaur but does no damage.
The jackal misses your hound.
You take 13 damage, and have 3/45 hp.
MASSIVE DAMAGE!!
The jackal bites your hound but does no damage.
Your hound bites the jackal but does no damage.
The centaur wields an uncursed shortbow.
The centaur shoots an arrow.
The arrow hits your crimson imp! The jackal bites your hound.
Your hound barely misses the jackal.
The jackal bites your hound but does no damage.
Your crimson imp hits the centaur but does no damage.
The centaur shoots an arrow.
The arrow hits you.
You die... ##..# ....# #..g# #.$.# #...# #ohh#

#ch.#
###.###5..####.#
........@.......
........)..)....
.$..............
....#...(....?..
..# #.......####
# #.#..5..#
#.#..)..#
.........


You could see a centaur, an orc priest, a gnoll, 2 jackals, a friendly hound and
2 friendly crimson imps.

Vanquished Creatures
  An orc priest (D:4)
  A giant frog skeleton (D:4)
  4 adders
  An adder skeleton (D:4)
  A dart slug (D:1)
  3 giant geckos
  An orc (D:3)
  4 bats
  A giant cockroach (D:1)
  3 hobgoblins (D:2)
  A jackal (D:5)
  5 kobolds
  2 quokkas
  A ball python (D:1)
  3 giant newts
  4 goblins
  5 rats
41 creatures vanquished.

Vanquished Creatures (collateral kills)
  The ghost of epen the Ducker, a weakling FeMo (D:4)
  3 adders (D:2)
  An ooze (D:3)
  A giant gecko (D:3)
  6 orcs
  3 bats
  A goblin (D:2)
  3 hobgoblins (D:1)
  A quokka (D:4)
  2 ball pythons
  A kobold (D:1)
  A rat (D:1)
24 creatures vanquished.

Vanquished Creatures (others)
  A human (D:4)
1 creature vanquished.

Grand Total: 66 creatures vanquished

Notes
Turn   | Place    | Note
-------+----------+-------------------------------------------
     0 | D:1      | namelastname112 the Draconian Wanderer began the quest for the Orb.
     0 | D:1      | namelastname112 set off with: a book of Callings, Fotefeoc's Collected Works on the Frostbite, a scroll of teleportation, a +0 club, a bread ration
     0 | D:1      | Reached XP level 1. HP: 16/16 MP: 2/2
     0 | D:1      | Identified Fotefeoc's Collected Works on the Frostbite
   200 | D:1      | Reached XP level 2. HP: 13/23 MP: 4/4
   229 | D:1      | Learned a level 2 spell: Call Imp
   807 | D:2      | Reached skill level 1 in Dodging
   810 | D:2      | Reached XP level 3. HP: 29/29 MP: 0/5
  1181 | D:2      | Learned a level 3 spell: Call Canine Familiar
  1694 | D:3      | Reached XP level 4. HP: 37/37 MP: 7/7
  2099 | D:3      | Found a shadowy altar of Dithmenos.
  2105 | D:3      | Found a sacrificial altar of Ru.
  2305 | D:4      | Found an ancient bone altar of Kikubaaqudgha.
  2420 | D:4      | Noticed epen's ghost (weakling FeMo)
  2449 | D:4      | Killed epen's ghost
  2450 | D:4      | Found Beangael's Gadget Shoppe.
  2455 | D:4      | Bought a wand of iceblast (7/15) for 132 gold pieces
  2479 | D:4      | Reached XP level 5. HP: 33/45 MP: 5/9
  2519 | D:4      | Noticed a human
  2526 | D:4      | Killed a human
  2625 | D:4      | Noticed an orc warrior
  2976 | D:5      | Entered Level 5 of the Dungeon
  2976 | D:5      | Noticed a centaur
  2987 | D:5      | Shot with an arrow by a centaur

Vault maps used:
D:1:      dpeg_arrival_tiny_f
D:2:      first_bread
D:3:      minitemple, grunt_ministairs_13
D:4:      serial_glass, glass_columns_a, glass_columns_b, serial_shops,
          kennysheep_little_box, tgw_kikubaaqudgha
D:5:      serial_shops, nicolae_shop_crystal, nicolae_shop_crystal, shop,
          shop_statue, uniq_sigmund, uniq_grinder, uniq_crazy_yiuf_cottage

Skill      XL: |  1  2  3  4 |
---------------+-------------+-----
Dodging        | 1 2 |  2.4
Fighting       | 2 3 |  3.2
Spellcasting   | 2 |  2.7
Bows           | |  1.7
Stealth        | |  1.0
Summonings     | |  4.0
Evocations     | |  1.0

Action                   |  1- 3 |  4- 6 || total
-------------------------+-------+-------++-------
Melee: Club              |    76 |       ||    76
       Tailslap          |    18 |     8 ||    26
       Dagger            |   122 |    43 ||   165
       Trident           |       |    31 ||    31
 Cast: Call Imp          |    16 |    13 ||    29
       Call Canine Famil |       |     5 ||     5
  Use: Scroll            |     1 |     9 ||    10
       Potion            |       |     1 ||     1
 Stab: Sleeping          |     1 |       ||     1
  Eat: Chunk             |     4 |     1 ||     5
       Bread ration      |       |     1 ||     1
Armor: Skin              |    93 |    37 ||   130
Dodge: Dodged            |   174 |    73 ||   247
